Workbook

Sheet LISTA MATERIAIS 
A1: PLANILHA DE QUANTITATIVO DE MATERIAL
A3: OBJETO: EXECUÇÃO DE PLATAFORMA DE ACESSIBILIDADE E ADEQUAÇÃO DE SANITÁRIOS
A4: ENDEREÇO: GINÁSIO DE ESPORTES PROF. JACY CLODOALDO ALBANESI
A5: MUNICÍPIO: ESTÂNCIA TURÍSTICA DE PIRAJU
A7: ITEM | B7: DESCRIÇÃO DO ITEM | C7: UNID. | D7: QUANT. | E7: VALOR UNITÁRIO | F7: VALOR TOTAL
A8: 1 | B8: MATERIAL
A9: 1.1 | B9: Cimento CPII-E-32 (sacos de 50 kg) | C9: =IFERROR(INDEX(#REF!,MATCH(B9,#REF!,0)),"ERRO") -> ERRO | D9: =SUMIF(#REF!,'LISTA MATERIAIS '!B9,#REF!) -> #REF!
A10: 1.2 | B10: Cal hidratada (saco de 20 kg) | C10: =IFERROR(INDEX(#REF!,MATCH(B10,#REF!,0)),"ERRO") -> ERRO | D10: =SUMIF(#REF!,'LISTA MATERIAIS '!B10,#REF!) -> #REF!
A11: 1.3 | B11: Areia média lavada | C11: =IFERROR(INDEX(#REF!,MATCH(B11,#REF!,0)),"ERRO") -> ERRO | D11: =SUMIF(#REF!,'LISTA MATERIAIS '!B11,#REF!) -> #REF!
A12: 1.4 | B12: Bloco cerâmico para vedação 11 x 14 x 24 cm | C12: =IFERROR(INDEX(#REF!,MATCH(B12,#REF!,0)),"ERRO") -> ERRO | D12: =SUMIF(#REF!,'LISTA MATERIAIS '!B12,#REF!) -> #REF!
A13: 1.5 | B13: Pedra britada nº 1 | C13: =IFERROR(INDEX(#REF!,MATCH(B13,#REF!,0)),"ERRO") -> ERRO | D13: =SUMIF(#REF!,'LISTA MATERIAIS '!B13,#REF!) -> #REF!
A14: 1.6 | B14: Sarrafo de Pinnus 2,5 x 10 cm | C14: =IFERROR(INDEX(#REF!,MATCH(B14,#REF!,0)),"ERRO") -> ERRO | D14: =SUMIF(#REF!,'LISTA MATERIAIS '!B14,#REF!) -> #REF!
A15: 1.7 | B15: Tábua Pinnus 25 mm x 300 mm | C15: =IFERROR(INDEX(#REF!,MATCH(B15,#REF!,0)),"ERRO") -> ERRO | D15: =SUMIF(#REF!,'LISTA MATERIAIS '!B15,#REF!) -> #REF!
A16: 1.8 | B16: Prego diversas bitolas (referência 18 x 27) | C16: =IFERROR(INDEX(#REF!,MATCH(B16,#REF!,0)),"ERRO") -> ERRO | D16: =SUMIF(#REF!,'LISTA MATERIAIS '!B16,#REF!) -> #REF!
A17: 1.9 | B17: Arame recozido torcido 18 | C17: =IFERROR(INDEX(#REF!,MATCH(B17,#REF!,0)),"ERRO") -> ERRO | D17: =SUMIF(#REF!,'LISTA MATERIAIS '!B17,#REF!) -> #REF!
A18: 1.10 | B18: Ø 10.00 mm (3/8) Barra de 12M | C18: =IFERROR(INDEX(#REF!,MATCH(B18,#REF!,0)),"ERRO") -> ERRO | D18: =SUMIF(#REF!,'LISTA MATERIAIS '!B18,#REF!) -> #REF!
A19: 1.11 | B19: Ø 5.00 mm (5/16) Barra de 12M | C19: =IFERROR(INDEX(#REF!,MATCH(B19,#REF!,0)),"ERRO") -> ERRO | D19: =SUMIF(#REF!,'LISTA MATERIAIS '!B19,#REF!) -> #REF!
A20: 1.12 | B20: Lixa massa/madeira uso geral Norton, Alcar ou equivalente (médias) | C20: =IFERROR(INDEX(#REF!,MATCH(B20,#REF!,0)),"ERRO") -> ERRO | D20: =SUMIF(#REF!,'LISTA MATERIAIS '!B20,#REF!) -> #REF!
... A24: 1.16 | B24: Vidro laminado temperado incolor de 8mm - material | C24: =IFERROR(INDEX(#REF!,MATCH(B24,#REF!,0)),"ERRO") -> ERRO | D24: =SUMIF(#REF!,'LISTA MATERIAIS '!B24,#REF!) -> #REF!
A25: 1.17 | B25: 1 lavatorio de louça sem coluna banh feminino 40x40 | C25: UN | D25: =SUMIF(#REF!,'LISTA MATERIAIS '!B25,#REF!) -> #REF!
A26: 1.18 | B26: Barras de apoio para lavatório 60x60 | C26: UN | D26: =SUMIF(#REF!,'LISTA MATERIAIS '!B26,#REF!) -> #REF!
A27: 1.19 | B27: Barra de proteção para sifão | C27: UN | D27: =SUMIF(#REF!,'LISTA MATERIAIS '!B27,#REF!) -> #REF!
A28: 1.20 | B28: Barra de apoio reta para bacia sanitária 1 1/2' 80cm | C28: UN | D28: =SUMIF(#REF!,'LISTA MATERIAIS '!B28,#REF!) -> #REF!
A29: 1.21 | B29: Acabamento para valvula hidra - plastico | C29: UN | D29: 1
A30: 1.22 | B30: Plataforma de elevação para PCD - 0.90x1.40 | C30: UN | D30: 1
B31: MODELO DE REFERÊNCIA - MONTELE PL200-PUBLICA
B32: https://montele.com.br/plataforma-elevatoria-acessibilidade
A39: Estância Turística de Piraju, 04 de novembro de 2022
A42: Engº Civil David José de Góis
A43: Responsável Técnico
A44: CREA.: 5070858099 - SP
A45: Assessor do Departamento de Engenharia e Urbanismo

Sheet PLN_ORC_SINTETICO BKP
A1: PLANILHA ORÇAMENTARIA
A2: OBJETO: | B2: =#REF! -> #REF!
A3: ENDEREÇO: | B3: =#REF! -> #REF!
A4: FONTE: | B4: =#REF! -> #REF! | J4: BDI ADOTADO | K4: 20.97 | L4: %
P5: 3
A6: FONTE | B6: DATA BASE | C6: ETPAPA | D6: SUB-ETAPA | E6: CÓDIGO DO ITEM | F6: DESCRIÇÃO | G6: UNIDADE | H6: QUANTIDADE | I6: CUSTO UNITÁRIO | J6: CUSTO TOTAL | K6: BDI | L6: PREÇO UNITÁRIO | M6: PREÇO TOTAL | O6: NÃO IMPRIMIR | P6: COD
C7: =O7 &" - "& Q7 -> 1 - SERVIÇOS PRELIMINARES | M7: =SUBTOTAL(9,M8:M10) -> 0 | O7: 1 | P7: =IF(FIND(".",E8),MID(E8,$P$5-2,2),"ERRO") -> 54 | Q7: SERVIÇOS PRELIMINARES
A8: CDHU | B8: =#REF! -> #REF! | C8: =$O$7 -> 1 | D8: =$O$7&"."&O8&IFERROR(INDEX(#REF!,MATCH(P8,#REF!,0)),"ERRO") -> 1.1 -ERRO | E8: 54.01.410 | F8: =IFERROR(INDEX(#REF!,MATCH(E8,#REF!,0)),"ERRO") -> ERRO | G8: =IFERROR(INDEX(#REF!,MATCH(E8,#REF!,0)),"ERRO") -> ERRO | H8: =IFERROR(INDEX(#REF!,MATCH(E8,#REF!,0)),"ERRO") -> ERRO | I8: =IFERROR(INDEX(#REF!,MATCH(E8,#REF!,0)),"ERRO") -> ERRO | J8: =IFERROR(ROUND(I8*H8,2),"ERRO") -> ERRO | K8: =$K$4 -> 20.97 | L8: =IFERROR(ROUND((I8*K8%)+I8,2),"ERRO") -> ERRO | M8: =IFERROR(ROUND(H8*L8,2),"ERRO") -> ERRO | O8: 1 - | P8: =IF(FIND(".",E8),MID(E8,$P$5-2,2)&"."&IF(FIND(".",E8),MID(E8,$P$5+1,2)),) -> 54.01
A9: CDHU | B9: =#REF! -> #REF! | C9: =$O$7 -> 1 | D9: =$O$7&"."&O9&IFERROR(INDEX(#REF!,MATCH(P9,#REF!,0)),"ERRO") -> 1.2 -ERRO | E9: 05.08.220 | F9: =IFERROR(INDEX(#REF!,MATCH(E9,#REF!,0)),"ERRO") -> ERRO | G9: =IFERROR(INDEX(#REF!,MATCH(E9,#REF!,0)),"ERRO") -> ERRO | H9: =IFERROR(INDEX(#REF!,MATCH(E9,#REF!,0)),"ERRO") -> ERRO | I9: =IFERROR(INDEX(#REF!,MATCH(E9,#REF!,0)),"ERRO") -> ERRO | J9: =IFERROR(ROUND(I9*H9,2),"ERRO") -> ERRO | K9: =$K$4 -> 20.97 | L9: =IFERROR(ROUND((I9*K9%)+I9,2),"ERRO") -> ERRO | M9: =IFERROR(ROUND(H9*L9,2),"ERRO") -> ERRO | O9: 2 - | P9: =IF(FIND(".",E9),MID(E9,$P$5-2,2)&"."&IF(FIND(".",E9),MID(E9,$P$5+1,2)),) -> 05.08
A10: CDHU | B10: =#REF! -> #REF! | C10: =$O$7 -> 1 | D10: =$O$7&"."&O10&IFERROR(INDEX(#REF!,MATCH(P10,#REF!,0)),"ERRO") -> 1.3 -ERRO | E10: 05.08.060 | F10: =IFERROR(INDEX(#REF!,MATCH(E10,#REF!,0)),"ERRO") -> ERRO | G10: =IFERROR(INDEX(#REF!,MATCH(E10,#REF!,0)),"ERRO") -> ERRO | H10: =IFERROR(INDEX(#REF!,MATCH(E10,#REF!,0)),"ERRO") -> ERRO | I10: =IFERROR(INDEX(#REF!,MATCH(E10,#REF!,0)),"ERRO") -> ERRO | J10: =IFERROR(ROUND(I10*H10,2),"ERRO") -> ERRO | K10: =$K$4 -> 20.97 | L10: =IFERROR(ROUND((I10*K10%)+I10,2),"ERRO") -> ERRO | M10: =IFERROR(ROUND(H10*L10,2),"ERRO") -> ERRO | O10: 3 - | P10: =IF(FIND(".",E10),MID(E10,$P$5-2,2)&"."&IF(FIND(".",E10),MID(E10,$P$5+1,2)),) -> 05.08
C11: =O11 &" - "& Q11 -> 2 - RECAPEAMENTO ASFÁLTICO | M11: =SUBTOTAL(9,M12:M14) -> 0 | O11: 2 | P11: =IF(FIND(".",E12),MID(E12,$P$5-2,2),"ERRO") -> 54 | Q11: RECAPEAMENTO ASFÁLTICO
A12: CDHU | B12: =#REF! -> #REF! | C12: =$O$11 -> 2 | D12: =$O$11&"."&O12&IFERROR(INDEX(#REF!,MATCH(P12,#REF!,0)),"ERRO") -> 2.1 -ERRO | E12: 54.03.230 | F12: =IFERROR(INDEX(#REF!,MATCH(E12,#REF!,0)),"ERRO") -> ERRO | G12: =IFERROR(INDEX(#REF!,MATCH(E12,#REF!,0)),"ERRO") -> ERRO | H12: =#REF!+#REF! -> #REF! | I12: =IFERROR(INDEX(#REF!,MATCH(E12,#REF!,0)),"ERRO") -> ERRO | J12: =IFERROR(ROUND(I12*H12,2),"ERRO") -> ERRO | K12: =$K$4 -> 20.97 | L12: =IFERROR(ROUND((I12*K12%)+I12,2),"ERRO") -> ERRO | M12: =IFERROR(ROUND(H12*L12,2),"ERRO") -> ERRO | O12: 1 - | P12: =IF(FIND(".",E12),MID(E12,$P$5-2,2)&"."&IF(FIND(".",E12),MID(E12,$P$5+1,2)),) -> 54.03
A13: CDHU | B13: =#REF! -> #REF! | C13: =$O$11 -> 2 | D13: =$O$11&"."&O13&IFERROR(INDEX(#REF!,MATCH(P13,#REF!,0)),"ERRO") -> 2.2 -ERRO | E13: 54.03.200 | F13: =IFERROR(INDEX(#REF!,MATCH(E13,#REF!,0)),"ERRO") -> ERRO | G13: =IFERROR(INDEX(#REF!,MATCH(E13,#REF!,0)),"ERRO") -> ERRO | H13: =IFERROR(INDEX(#REF!,MATCH(E13,#REF!,0)),"ERRO") -> ERRO | I13: =IFERROR(INDEX(#REF!,MATCH(E13,#REF!,0)),"ERRO") -> ERRO | J13: =IFERROR(ROUND(I13*H13,2),"ERRO") -> ERRO | K13: =$K$4 -> 20.97 | L13: =IFERROR(ROUND((I13*K13%)+I13,2),"ERRO") -> ERRO | M13: =IFERROR(ROUND(H13*L13,2),"ERRO") -> ERRO | O13: 2 - | P13: =IF(FIND(".",E13),MID(E13,$P$5-2,2)&"."&IF(FIND(".",E13),MID(E13,$P$5+1,2)),) -> 54.03
A14: CDHU | B14: =#REF! -> #REF! | C14: =$O$11 -> 2 | D14: =$O$11&"."&O14&IFERROR(INDEX(#REF!,MATCH(P14,#REF!,0)),"ERRO") -> 2.3 -ERRO | E14: 54.03.210 | F14: =IFERROR(INDEX(#REF!,MATCH(E14,#REF!,0)),"ERRO") -> ERRO | G14: =IFERROR(INDEX(#REF!,MATCH(E14,#REF!,0)),"ERRO") -> ERRO | H14: =IFERROR(INDEX(#REF!,MATCH(E14,#REF!,0)),"ERRO") -> ERRO | I14: =IFERROR(INDEX(#REF!,MATCH(E14,#REF!,0)),"ERRO") -> ERRO | J14: =IFERROR(ROUND(I14*H14,2),"ERRO") -> ERRO | K14: =$K$4 -> 20.97 | L14: =IFERROR(ROUND((I14*K14%)+I14,2),"ERRO") -> ERRO | M14: =IFERROR(ROUND(H14*L14,2),"ERRO") -> ERRO | O14: 3 - | P14: =IF(FIND(".",E14),MID(E14,$P$5-2,2)&"."&IF(FIND(".",E14),MID(E14,$P$5+1,2)),) -> 54.03
L15: TOTAL | M15: =SUBTOTAL(9,M7:M14) -> 0
B16: =#REF! -> #REF!
O17: =M15/#REF! -> #REF!
O18: =400000-M15 -> 400000
B19: =#REF! -> #REF! | I19: =#REF! -> #REF!
B20: =#REF! -> #REF! | I20: =#REF! -> #REF!
B21: =#REF! -> #REF!
B22: =IF(#REF!=$A$4954," ",#REF!&IF(#REF!=$A$4954," ",#REF!)) -> #REF!
M24: =M8+M9+M10+M12+M13+M14 -> #VALUE!

Sheet Planilha Orçamentaria
A1: PLANILHA ORÇAMENTÁRIA
A2: OBJETO: | B2: Recapeamento Asfáltico tipo Concreto Betuminoso Usinado a Quente - CBUQ, com 3 cm de espessura em Via Pública Urbana
A3: LOCAL: | B3: Trecho da Rua Cap. Maximiano dos Santos Guerra, Rua Jovem Paulo Sergio Latari e Trecho da Rua Antônio Moutinho Brenha - Estância Turística de Piraju - SP
A4: FONTE: | B4: Boletim Referencial de Custos CDHU n. 197 - COM DESONERAÇÃO - Data Base: Fev/2025
I5: BDI ADOTADO | J5: 0.2097
A6: FONTE | B6: DATA BASE | C6: ETAPA | D6: SUB-ETAPA | E6: CÓDIGO DO ITEM | F6: DESCRIÇÃO | G6: UNIDADE | H6: QUANTIDADE | I6: CUSTO UNITÁRIO | J6: BDI | K6: PREÇO UNITÁRIO C/BDI | L6: PREÇO TOTAL
C7: 1 - TRECHO DA RUA CAP. MAXIMIANO DOS SANTOS GUERRA | L7: =SUBTOTAL(9,L8:L13) -> 0
A8: CDHU | B8: 2024/02 | C8: 1 | D8: 1.1 - Pavimentacao preparo de base | E8: 54.01.410 | F8: Varrição de pavimento para recapeamento | G8: M2 | H8: 2426.56 | J8: =$J$5 -> 0.2097 | K8: =IFERROR(ROUND((I8*J8)+I8,2),"ERRO") -> 0 | L8: =IFERROR(ROUND(H8*K8,2),"ERRO") -> 0
A9: CDHU | B9: 2024/02 | C9: 1 | D9: 1.2 - Pavimentacao flexivel | E9: 54.03.230 | F9: Imprimação betuminosa ligante | G9: M2 | H9: 2426.56 | J9: =$J$5 -> 0.2097 | K9: =IFERROR(ROUND((I9*J9)+I9,2),"ERRO") -> 0 | L9: =IFERROR(ROUND(H9*K9,2),"ERRO") -> 0
A10: CDHU | B10: 2024/02 | C10: 1 | D10: 1.3 - Pavimentacao flexivel | E10: 54.03.200 | F10: Concreto asfáltico usinado a quente - Binder | G10: M3 | H10: 21.84 | J10: =$J$5 -> 0.2097 | K10: =IFERROR(ROUND((I10*J10)+I10,2),"ERRO") -> 0 | L10: =IFERROR(ROUND(H10*K10,2),"ERRO") -> 0
A11: CDHU | B11: 2024/02 | C11: 1 | D11: 1.4 - Pavimentacao flexivel | E11: 54.03.210 | F11: Camada de rolamento em concreto betuminoso usinado quente - CBUQ | G11: M3 | H11: 72.8 | J11: =$J$5 -> 0.2097 | K11: =IFERROR(ROUND((I11*J11)+I11,2),"ERRO") -> 0 | L11: =IFERROR(ROUND(H11*K11,2),"ERRO") -> 0
A12: CDHU | B12: 2024/02 | C12: 1 | D12: 1.5 - Transporte mecanizado de material solto | E12: 05.08.220 | F12: Carregamento mecanizado de entulho fragmentado, com caminhão à disposição dentro da obra, até o raio de 1 km | G12: M3 | H12: 12.13 | J12: =$J$5 -> 0.2097 | K12: =IFERROR(ROUND((I12*J12)+I12,2),"ERRO") -> 0 | L12: =IFERROR(ROUND(H12*K12,2),"ERRO") -> 0
A13: CDHU | B13: 2024/02 | C13: 1 | D13: 1.6 - Transporte mecanizado de material solto | E13: 05.08.060 | F13: Transporte de entulho, para distâncias superiores ao 3° km até o 5° km | G13: M3 | H13: 12.13 | J13: =$J$5 -> 0.2097 | K13: =IFERROR(ROUND((I13*J13)+I13,2),"ERRO") -> 0 | L13: =IFERROR(ROUND(H13*K13,2),"ERRO") -> 0
C14: 2 - RUA JOVEM PAULO SERGIO LATARI | L14: =SUBTOTAL(9,L15:L24) -> 0
A15: CDHU | B15: 2024/02 | C15: 2 | D15: 2.1 - Demolição de revestimento asfáltico | E15: 03.07.050 | F15: Fresagem de pavimento asfáltico com espessura até 5 cm, inclusive carregamento, transporte até 1 quilômetro e descarregamento | G15: M2 | H15: 439.8 | J15: =$J$5 -> 0.2097 | K15: =IFERROR(ROUND((I15*J15)+I15,2),"ERRO") -> 0 | L15: =IFERROR(ROUND(H15*K15,2),"ERRO") -> 0
A16: CDHU | B16: 2024/02 | C16: 2 | D16: 2.2 - Pavimentacao preparo de base | E16: 54.01.030 | F16: Abertura e preparo de caixa até 40 cm, compactação do subleito mínimo de 95% do PN e transporte até o raio de 1 km | G16: M2 | H16: 70 | J16: =$J$5 -> 0.2097 | K16: =IFERROR(ROUND((I16*J16)+I16,2),"ERRO") -> 0 | L16: =IFERROR(ROUND(H16*K16,2),"ERRO") -> 0
A17: CDHU | B17: 2024/02 | C17: 2 | D17: 2.3 - Lastro e enchimento | E17: 11.18.140 | F17: Lastro e/ou fundação em rachão mecanizado | G17: M3 | H17: 14 | J17: =$J$5 -> 0.2097 | K17: =IFERROR(ROUND((I17*J17)+I17,2),"ERRO") -> 0 | L17: =IFERROR(ROUND(H17*K17,2),"ERRO") -> 0
A18: CDHU | B18: 2024/02 | C18: 2 | D18: 2.4 - Pavimentacao preparo de base | E18: 54.01.210 | F18: Base de brita graduada | G18: M3 | H18: 7 | J18: =$J$5 -> 0.2097 | K18: =IFERROR(ROUND((I18*J18)+I18,2),"ERRO") -> 0 | L18: =IFERROR(ROUND(H18*K18,2),"ERRO") -> 0
A19: CDHU | B19: 2024/02 | C19: 2 | D19: 2.5 - Pavimentacao preparo de base | E19: 54.01.410 | F19: Varrição de pavimento para recapeamento | G19: M2 | H19: 649.08 | J19: =$J$5 -> 0.2097 | K19: =IFERROR(ROUND((I19*J19)+I19,2),"ERRO") -> 0 | L19: =IFERROR(ROUND(H19*K19,2),"ERRO") -> 0
A20: CDHU | B20: 2024/02 | C20: 2 | D20: 2.6 - Pavimentacao flexivel | E20: 54.03.230 | F20: Imprimação betuminosa ligante | G20: M2 | H20: 1088.88 | J20: =$J$5 -> 0.2097 | K20: =IFERROR(ROUND((I20*J20)+I20,2),"ERRO") -> 0 | L20: =IFERROR(ROUND(H20*K20,2),"ERRO") -> 0
A21: CDHU | B21: 2024/02 | C21: 2 | D21: 2.7 - Pavimentacao flexivel | E21: 54.03.200 | F21: Concreto asfáltico usinado a quente - Binder | G21: M3 | H21: 20.39 | J21: =$J$5 -> 0.2097 | K21: =IFERROR(ROUND((I21*J21)+I21,2),"ERRO") -> 0 | L21: =IFERROR(ROUND(H21*K21,2),"ERRO") -> 0
A22: CDHU | B22: 2024/02 | C22: 2 | D22: 2.8 - Pavimentacao flexivel | E22: 54.03.210 | F22: Camada de rolamento em concreto betuminoso usinado quente - CBUQ | G22: M3 | H22: 32.67 | J22: =$J$5 -> 0.2097 | K22: =IFERROR(ROUND((I22*J22)+I22,2),"ERRO") -> 0 | L22: =IFERROR(ROUND(H22*K22,2),"ERRO") -> 0
A23: CDHU | B23: 2024/02 | C23: 2 | D23: 2.9 - Transporte mecanizado de material solto | E23: 05.08.220 | F23: Carregamento mecanizado de entulho fragmentado, com caminhão à disposição dentro da obra, até o raio de 1 km | G23: M3 | H23: 44.09 | J23: =$J$5 -> 0.2097 | K23: =IFERROR(ROUND((I23*J23)+I23,2),"ERRO") -> 0 | L23: =IFERROR(ROUND(H23*K23,2),"ERRO") -> 0
A24: CDHU | B24: 2024/02 | C24: 2 | D24: 2.10 - Transporte mecanizado de material solto | E24: 05.08.060 | F24: Transporte de entulho, para distâncias superiores ao 3° km até o 5° km | G24: M3 | H24: 44.09 | J24: =$J$5 -> 0.2097 | K24: =IFERROR(ROUND((I24*J24)+I24,2),"ERRO") -> 0 | L24: =IFERROR(ROUND(H24*K24,2),"ERRO") -> 0
C25: 3 - TRECHO DA RUA ANTÔNIO MOUTINHO BRENHA | L25: =SUBTOTAL(9,L26:L31) -> 0
A26: CDHU | B26: 2024/02 | C26: 3 | D26: 3.1 - Pavimentacao preparo de base | E26: 54.01.410 | F26: Varrição de pavimento para recapeamento | G26: M2 | H26: 733.58 | J26: =$J$5 -> 0.2097 | K26: =IFERROR(ROUND((I26*J26)+I26,2),"ERRO") -> 0 | L26: =IFERROR(ROUND(H26*K26,2),"ERRO") -> 0
A27: CDHU | B27: 2024/02 | C27: 3 | D27: 3.2 - Pavimentacao flexivel | E27: 54.03.230 | F27: Imprimação betuminosa ligante | G27: M2 | H27: 733.58 | J27: =$J$5 -> 0.2097 | K27: =IFERROR(ROUND((I27*J27)+I27,2),"ERRO") -> 0 | L27: =IFERROR(ROUND(H27*K27,2),"ERRO") -> 0
A28: CDHU | B28: 2024/02 | C28: 3 | D28: 3.3 - Pavimentacao flexivel | E28: 54.03.200 | F28: Concreto asfáltico usinado a quente - Binder | G28: M3 | H28: 14.67 | J28: =$J$5 -> 0.2097 | K28: =IFERROR(ROUND((I28*J28)+I28,2),"ERRO") -> 0 | L28: =IFERROR(ROUND(H28*K28,2),"ERRO") -> 0
A29: CDHU | B29: 2024/02 | C29: 3 | D29: 3.4 - Pavimentacao flexivel | E29: 54.03.210 | F29: Camada de rolamento em concreto betuminoso usinado quente - CBUQ | G29: M3 | H29: 22.01 | J29: =$J$5 -> 0.2097 | K29: =IFERROR(ROUND((I29*J29)+I29,2),"ERRO") -> 0 | L29: =IFERROR(ROUND(H29*K29,2),"ERRO") -> 0
A30: CDHU | B30: 2024/02 | C30: 3 | D30: 3.5 - Transporte mecanizado de material solto | E30: 05.08.220 | F30: Carregamento mecanizado de entulho fragmentado, com caminhão à disposição dentro da obra, até o raio de 1 km | G30: M3 | H30: 3.67 | J30: =$J$5 -> 0.2097 | K30: =IFERROR(ROUND((I30*J30)+I30,2),"ERRO") -> 0 | L30: =IFERROR(ROUND(H30*K30,2),"ERRO") -> 0
A31: CDHU | B31: 2024/02 | C31: 3 | D31: 3.6 - Transporte mecanizado de material solto | E31: 05.08.060 | F31: Transporte de entulho, para distâncias superiores ao 3° km até o 5° km | G31: M3 | H31: 3.67 | J31: =$J$5 -> 0.2097 | K31: =IFERROR(ROUND((I31*J31)+I31,2),"ERRO") -> 0 | L31: =IFERROR(ROUND(H31*K31,2),"ERRO") -> 0
K32: TOTAL | L32: =SUBTOTAL(9,L7:L31) -> 0
A33: Cidade, xx de Mês de 2025

Sheet CDHU_187
B1: COMPANHIA DE DESENVOLVIMENTO HABITACIONAL E URBANO
A2: DO ESTADO DE SÃO PAULO
A3: BOLETIM REFERENCIAL DE CUSTOS - TABELA DE SERVIÇOS
A4: COM DESONERAÇÃO
F5: Versão 187
E6: Data Base: | F6: AGOSTO/22
C7: BDI : | D7: 0 | E7: L.S.: | F7: 0.9778
A8: Referência | B8: Descrição | C8: Un | D8: Material | E8: Mão de Obra | F8: Custo Total
A9: 01 | B9: SERVICO TECNICO ESPECIALIZADO | G9: 2
A10: 01.02 | B10: Parecer técnico | G10: 5
A11: 01.02.071 | B11: Parecer técnico de fundações, contenções e recomendações gerais, para empreendimentos com área construída até 1.000 m² | C11: UN | E11: 5388.88 | F11: 5388.88 | G11: 9
A12: 01.02.081 | B12: Parecer técnico de fundações, contenções e recomendações gerais, para empreendimentos com área construída de 1.001 a 2.000 m² | C12: UN | E12: 7166.17 | F12: 7166.17 | G12: 9
A13: 01.02.091 | B13: Parecer técnico de fundações, contenções e recomendações gerais, para empreendimentos com área construída de 2.001 a 5.000 m² | C13: UN | E13: 12241.41 | F13: 12241.41 | G13: 9
A14: 01.02.101 | B14: Parecer técnico de fundações, contenções e recomendações gerais, para empreendimentos com área construída de 5.001 a 10.000 m² | C14: UN | E14: 16784.41 | F14: 16784.41 | G14: 9
A15: 01.02.111 | B15: Parecer técnico de fundações, contenções e recomendações gerais, para empreendimentos com área construída acima de 10.000 m² | C15: UN | E15: 19559.64 | F15: 19559.64 | G15: 9
A16: 01.06 | B16: Projeto de instalações elétricas | G16: 5
A17: 01.06.021 | B17: Elaboração de projeto de adequação de entrada de energia elétrica junto a concessionária, com medição em baixa tensão e demanda até 75 kVA | C17: UN | E17: 6882.8 | F17: 6882.8 | G17: 9
A18: 01.06.031 | B18: Elaboração de projeto de adequação de entrada de energia elétrica junto a concessionária, com medição em média tensão, subestação simplificada e demanda de 75 kVA a 300 kVA | C18: UN | E18: 11658.08 | F18: 11658.08 | G18: 9
A19: 01.06.032 | B19: Elaboração de projeto de adequação de entrada de energia elétrica junto a concessionária, com medição em média tensão e demanda de 75 kVA a 300 kVA | C19: UN | E19: 15775.6 | F19: 15775.6 | G19: 9
A20: 01.06.041 | B20: Elaboração de projeto de adequação de entrada de energia elétrica junto a concessionária, com medição em média tensão e demanda acima de 300 kVA a 2 MVA | C20: UN | E20: 20983.4 | F20: 20983.4 | G20: 9
A21: 01.17 | B21: Projeto executivo | G21: 5
A22: 01.17.031 | B22: Projeto executivo de arquitetura em formato A1 | C22: UN | E22: 2711.35 | F22: 2711.35 | G22: 9
A23: 01.17.041 | B23: Projeto executivo de arquitetura em formato A0 | C23: UN | E23: 3665.44 | F23: 3665.44 | G23: 9
A24: 01.17.051 | B24: Projeto executivo de estrutura em formato A1 | C24: UN | E24: 1988.49 | F24: 1988.49 | G24: 9
A25: 01.17.061 | B25: Projeto executivo de estrutura em formato A0 | C25: UN | E25: 2720.63 | F25: 2720.63 | G25: 9
A26: 01.17.071 | B26: Projeto executivo de instalações hidráulicas em formato A1 | C26: UN | E26: 853.67 | F26: 853.67 | G26: 9
A27: 01.17.081 | B27: Projeto executivo de instalações hidráulicas em formato A0 | C27: UN | E27: 1136.33 | F27: 1136.33 | G27: 9
A28: 01.17.111 | B28: Projeto executivo de instalações elétricas em formato A1 | C28: UN | E28: 947.94 | F28: 947.94 | G28: 9
A29: 01.17.121 | B29: Projeto executivo de instalações elétricas em formato A0 | C29: UN | E29: 1314.36 | F29: 1314.36 | G29: 9
A30: 01.17.151 | B30: Projeto executivo de climatização em formato A1 | C30: UN | E30: 1824.62 | F30: 1824.62 | G30: 9
A31: 01.17.161 | B31: Projeto executivo de climatização em formato A0 | C31: UN | E31: 2487.16 | F31: 2487.16 | G31: 9
A32: 01.17.171 | B32: Projeto executivo de chuveiros automáticos em formato A1 | C32: UN | E32: 1575.18 | F32: 1575.18 | G32: 9
A33: 01.17.181 | B33: Projeto executivo de chuveiros automáticos em formato A0 | C33: UN | E33: 2035.97 | F33: 2035.97 | G33: 9
A34: 01.20 | B34: Levantamento topográfico e geofísico | G34: 5
A35: 01.20.010 | B35: Taxa de mobilização e desmobilização de equipamentos para execução de levantamento topográfico | C35: TX | D35: 1217.58 | F35: 1217.58 | G35: 9
A36: 01.20.280 | B36: Levantamento planimétrico de área pavimentada para veículo e pedestre | C36: M2 | D36: 0.05 | E36: 0.13 | F36: 0.18 | G36: 9
A37: 01.20.691 | B37: Levantamento planimétrico cadastral com áreas ocupadas predominantemente por comunidades - área até 20.000 m² (mínimo de 3.500 m²) | C37: M2 | D37: 0.51 | E37: 0.44 | F37: 0.95 | G37: 9
A38: 01.20.701 | B38: Levantamento planimétrico cadastral com áreas ocupadas predominantemente por comunidades - área acima de 20.000 m² até 200.000 m² | C38: M2 | D38: 0.39 | E38: 0.35 | F38: 0.74 | G38: 9
A39: 01.20.711 | B39: Levantamento planimétrico cadastral com áreas ocupadas predominantemente por comunidades - área acima de 200.000 m² | C39: M2 | D39: 0.33 | E39: 0.28 | F39: 0.61 | G39: 9
A40: 01.20.721 | B40: Levantamento planimétrico cadastral com áreas até 50% de ocupação - área até 20.000 m² (mínimo de 3.500 m²) | C40: M2 | D40: 0.44 | E40: 0.38 | F40: 0.82 | G40: 9
A41: 01.20.731 | B41: Levantamento planimétrico cadastral com áreas até 50% de ocupação - área acima de 20.000 m² até 200.000 m² | C41: M2 | D41: 0.21 | E41: 0.43 | F41: 0.64 | G41: 9
A42: 01.20.741 | B42: Levantamento planimétrico cadastral com áreas até 50% de ocupação - área acima de 200.000 m² | C42: M2 | D42: 0.27 | E42: 0.24 | F42: 0.51 | G42: 9
A43: 01.20.751 | B43: Levantamento planimétrico cadastral com áreas acima de 50% de ocupação - área até 20.000 m² (mínimo de 4.000 m²) | C43: M2 | D43: 0.38 | E43: 0.35 | F43: 0.73 | G43: 9
A44: 01.20.761 | B44: Levantamento planimétrico cadastral com áreas acima de 50% de ocupação - área acima de 20.000 m² até 200.000 m² | C44: M2 | D44: 0.34 | E44: 0.29 | F44: 0.63 | G44: 9
A45: 01.20.771 | B45: Levantamento planimétrico cadastral com áreas acima de 50% de ocupação - área acima de 200.000 m² | C45: M2 | D45: 0.33 | E45: 0.28 | F45: 0.61 | G45: 9
A46: 01.20.781 | B46: Levantamento planialtimétrico cadastral com áreas ocupadas predominantemente por comunidades - área até 20.000 m² (mínimo de 3.500 m²) | C46: M2 | D46: 0.54 | E46: 0.46 | F46: 1 | G46: 9
A47: 01.20.791 | B47: Levantamento planialtimétrico cadastral com áreas ocupadas predominantemente por comunidades - área acima de 20.000 m² até 200.000 m² | C47: M2 | D47: 0.43 | E47: 0.37 | F47: 0.8 | G47: 9
... A60: 01.20.921 | B60: Implantação de marcos através de levantamento com GPS (mínimo de 3 marcos) | C60: UN | D60: 856.15 | E60: 383.82 | F60: 1239.97 | G60: 9
A61: 01.21 | B61: Estudo geotecnico (sondagem) | G61: 5
A62: 01.21.010 | B62: Taxa de mobilização e desmobilização de equipamentos para execução de sondagem | C62: TX | D62: 1207.89 | F62: 1207.89 | G62: 9
A63: 01.21.090 | B63: Taxa de mobilização e desmobilização de equipamentos para execução de sondagem rotativa | C63: TX | D63: 6562.46 | F63: 6562.46 | G63: 9
A64: 01.21.100 | B64: Sondagem do terreno a trado | C64: M | D64: 87.17 | F64: 87.17 | G64: 9
A65: 01.21.110 | B65: Sondagem do terreno à percussão (mínimo de 30 m) | C65: M | D65: 96.35 | F65: 96.35 | G65: 9
A66: 01.21.120 | B66: Sondagem do terreno rotativa em solo | C66: M | D66: 355.16 | F66: 355.16 | G66: 9
A67: 01.21.130 | B67: Sondagem do terreno rotativa em rocha | C67: M | D67: 639.46 | F67: 639.46 | G67: 9
A68: 01.21.140 | B68: Sondagem do terreno à percussão com a utilização de torquímetro (mínimo de 30 m) | C68: M | D68: 89.75 | F68: 89.75 | G68: 9
A69: 01.23 | B69: Tratamento, recuperação e trabalhos especiais em concreto | G69: 5
A70: 01.23.010 | B70: Taxa de mobilização e desmobilização de equipamentos para execução de corte em concreto armado | C70: TX | D70: 319.91 | F70: 319.91 | G70: 9
A71: 01.23.020 | B71: Limpeza de armadura com escova de aço | C71: M2 | D71: 2.71 | E71: 5.06 | F71: 7.77 | G71: 9
A72: 01.23.030 | B72: Preparo de ponte de aderência com adesivo a base de epóxi | C72: M2 | D72: 108.64 | E72: 37.4 | F72: 146.04 | G72: 9
A73: 01.23.056 | B73: Tratamento de armadura com produto anticorrosivo a base de zinco | C73: M2 | D73: 25.71 | E73: 35.67 | F73: 61.38 | G73: 9
A74: 01.23.060 | B74: Corte de concreto deteriorado inclusive remoção dos detritos | C74: M2 | E74: 25.31 | F74: 25.31 | G74: 9
A75: 01.23.070 | B75: Demarcação de área com disco de corte diamantado | C75: M | D75: 1.03 | E75: 3.74 | F75: 4.77 | G75: 9
A76: 01.23.100 | B76: Demolição de concreto armado com preservação de armadura, para reforço e recuperação estrutural | C76: M3 | E76: 381.94 | F76: 381.94 | G76: 9
A77: 01.23.140 | B77: Furação de 1 1/4´ em concreto armado | C77: M | D77: 204.12 | F77: 204.12 | G77: 9
A78: 01.23.150 | B78: Furação de 1 1/2´ em concreto armado | C78: M | D78: 211.16 | F78: 211.16 | G78: 9
A79: 01.23.160 | B79: Furação de 2 1/4´ em concreto armado | C79: M | D79: 286.6 | F79: 286.6 | G79: 9
A80: 01.23.190 | B80: Furação de 2 1/2´ em concreto armado | C80: M | D80: 292.81 | F80: 292.81 | G80: 9
A81: 01.23.200 | B81: Taxa de mobilização e desmobilização de equipamentos para execução de perfuração em concreto | C81: TX | D81: 275.54 | F81: 275.54 | G81: 9
A82: 01.23.221 | B82: Furação para até 10mm x 100mm em concreto armado, inclusive colagem de armadura (para até 8mm) | C82: UN | D82: 11.1 | F82: 11.1 | G82: 9
A83: 01.23.222 | B83: Furação para 12,5mm x 100mm em concreto armado, inclusive colagem de armadura (para 10mm) | C83: UN | D83: 11.37 | F83: 11.37 | G83: 9
A84: 01.23.223 | B84: Furação para 16mm x 100mm em concreto armado, inclusive colagem de armadura (para 12,5mm) | C84: UN | D84: 13.57 | F84: 13.57 | G84: 9
A85: 01.23.231 | B85: Furação para até 10mm x 150mm em concreto armado, inclusive colagem de armadura (para até 8mm) | C85: UN | D85: 16.65 | F85: 16.65 | G85: 9
A86: 01.23.232 | B86: Furação para 12,5mm x 150mm em concreto armado, inclusive colagem de armadura (para 10mm) | C86: UN | D86: 16.76 | F86: 16.76 | G86: 9
A87: 01.23.233 | B87: Furação para 16mm x 150mm em concreto armado, inclusive colagem de armadura (para 12,5mm) | C87: UN | D87: 20.01 | F87: 20.01 | G87: 9
A88: 01.23.234 | B88: Furação para 20mm x 150mm em concreto armado, inclusive colagem de armadura (para 16mm) | C88: UN | D88: 20.74 | F88: 20.74 | G88: 9
... A99: 01.23.510 | B99: Corte vertical em concreto armado, espessura de 15 cm | C99: M | D99: 200.54 | F99: 200.54 | G99: 9
A100: 01.23.700 | B100: Taxa de mobilização e desmobilização para reforço estrutural com fibra de carbono | C100: TX | D100: 1673.92 | E100: 3438.59 | F100: 5112.51 | G100: 9
A101: 01.23.701 | B101: Preparação de substrato para colagem de fibra de carbono, mediante lixamento e/ou apicoamento e escovação | C101: M2 | D101: 6.47 | E101: 36.56 | F101: 43.03 | G101: 9
A102: 01.23.702 | B102: Fibra de carbono para reforço estrutural de alta resistência - 300 g/m² | C102: M2 | D102: 296 | E102: 260.84 | F102: 556.84 | G102: 9
A103: 01.27 | B103: Estudo e programa ambientais | G103: 5
A104: 01.27.011 | B104: Projeto e implementação de gerenciamento integrado de resíduos sólidos e gestão de perdas | C104: UN | D104: 206 | E104: 7639.23 | F104: 7845.23 | G104: 9
A105: 01.27.021 | B105: Projeto e implementação de educação ambiental | C105: UN | D105: 206 | E105: 10232.76 | F105: 10438.76 | G105: 9
A106: 01.27.031 | B106: Projeto e implementação de controle ambiental de obra | C106: UN | D106: 206 | E106: 9054.33 | F106: 9260.33 | G106: 9
A107: 01.27.041 | B107: Laudo de caracterização de vegetação | C107: UN | D107: 594.5 | E107: 21085.47 | F107: 21679.97 | G107: 9
A108: 01.27.051 | B108: Laudo de caracterização da fauna associada à flora | C108: UN | D108: 594.5 | E108: 32355.2 | F108: 32949.7 | G108: 9
A109: 01.27.061 | B109: Projeto e implementação de monitoramento da fauna durante a obra | C109: UN | D109: 594.5 | E109: 12826.39 | F109: 13420.89 | G109: 9
A110: 01.27.071 | B110: Laudo de autodepuração | C110: UN | D110: 483.5 | E110: 15394.63 | F110: 15878.13 | G110: 9
A111: 01.27.091 | B111: Estudo de impacto de vizinhança, em área urbana até 10.000 m² | C111: UN | D111: 294.8 | E111: 24934.7 | F111: 25229.5 | G111: 9
A112: 01.28 | B112: Poço profundo | G112: 5
A113: 01.28.010 | B113: Taxa de mobilização e desmobilização de equipamentos para execução de perfuração para poço profundo - profundidade até 200 m | C113: TX | D113: 8405.03 | F113: 8405.03 | G113: 9
A114: 01.28.020 | B114: Taxa de mobilização e desmobilização de equipamentos para execução de perfuração para poço profundo - profundidade acima de 200 m e até 300 m | C114: TX | D114: 10753.59 | F114: 10753.59 | G114: 9
A115: 01.28.030 | B115: Taxa de mobilização e desmobilização de equipamentos para execução de perfuração para poço profundo - profundidade acima de 300 m | C115: TX | D115: 13208.1 | F115: 13208.1 | G115: 9
A116: 01.28.040 | B116: Perfuração rotativa para poço profundo em camadas de solos sedimentares, diâmetro de 8 1/2" (215,90 mm) | C116: M | D116: 368.46 | F116: 368.46 | G116: 9
A117: 01.28.050 | B117: Perfuração rotativa para poço profundo em aluvião, arenito, ou solos sedimentados em geral, diâmetro de 10" (250 mm) | C117: M | D117: 405.33 | F117: 405.33 | G117: 9
A118: 01.28.060 | B118: Perfuração rotativa para poço profundo em aluvião, arenito, ou solos sedimentados em geral, diâmetro de 12" (300 mm) | C118: M | D118: 707.54 | F118: 707.54 | G118: 9
A119: 01.28.070 | B119: Perfuração rotativa para poço profundo em aluvião, arenito, ou solos sedimentados em geral, diâmetro de 14" (350 mm) | C119: M | D119: 967.37 | F119: 967.37 | G119: 9
A120: 01.28.080 | B120: Perfuração rotativa para poço profundo em aluvião, arenito, ou solos sedimentados em geral, diâmetro de 16" (400 mm) | C120: M | D120: 1199.05 | F120: 1199.05 | G120: 9
A121: 01.28.090 | B121: Perfuração rotativa para poço profundo em aluvião, arenito, ou solos sedimentados em geral, diâmetro de 18" (450 mm) | C121: M | D121: 1428.96 | F121: 1428.96 | G121: 9
A122: 01.28.100 | B122: Perfuração rotativa para poço profundo em aluvião, arenito, ou solos sedimentados em geral, diâmetro de 20" (500 mm) | C122: M | D122: 1622.98 | F122: 1622.98 | G122: 9
...

Sheet Grupos_subgrupos
B1: COMPANHIA DE DESENVOLVIMENTO HABITACIONAL E URBANO
A2: DO ESTADO DE SÃO PAULO
A3: BOLETIM REFERENCIAL DE CUSTOS
A4: GRUPOS E SUBGRUPOS DE SERVIÇOS
C5: Versão 187
C6: AGOSTO/22
A8: Referência | B8: Descrição
A9: 01 | B9: SERVICO TECNICO ESPECIALIZADO
A10: 01.02 | B10: Parecer técnico
A11: 01.06 | B11: Projeto de instalações elétricas
A12: 01.17 | B12: Projeto executivo
A13: 01.20 | B13: Levantamento topográfico e geofísico
A14: 01.21 | B14: Estudo geotecnico (sondagem)
A15: 01.23 | B15: Tratamento, recuperação e trabalhos especiais em concreto
A16: 01.27 | B16: Estudo e programa ambientais
A17: 01.28 | B17: Poço profundo
A18: 02 | B18: INICIO, APOIO E ADMINISTRACAO DA OBRA
A19: 02.01 | B19: Construção provisória
... A531: 98.02 | B531: Mobiliario

Sheet PLANILHA ORC_SINT EM BRANCO
A3: PLANILHA ORÇAMENTÁRIA SINTÉTICA
A4: OBJETO:
A5: ENDEREÇO:
A6: FONTE:
A8: FONTE | B8: DATA BASE | C8: ETPAPA | D8: SUB-ETAPA | E8: CÓDIGO | F8: DESCRIÇÃO | G8: UNIDADE DE MEDIDA | H8: QUANTIDADE | I8: CUSTO UNITÁRIO | J8: CUSTO TOTAL | K8: BDI | L8: PREÇO UNITÁRIO | M8: PREÇO TOTAL
C9: 1 - PINTURA GERAL | M9: =SUBTOTAL(9,M10:M18) -> 0
A10: CDHU | B10: 2022/05 | J10: =ROUND(I10*H10,2) -> 0 | K10: 25 | L10: =ROUND((I10*K10%)+I10,2) -> 0 | M10: =ROUND(H10*L10,2) -> 0
A11: CDHU | B11: 2022/05 | J11: =ROUND(I11*H11,2) -> 0 | K11: 26 | L11: =ROUND((I11*K11%)+I11,2) -> 0 | M11: =ROUND(H11*L11,2) -> 0
A12: CDHU | B12: 2022/05 | J12: =ROUND(I12*H12,2) -> 0 | K12: 27 | L12: =ROUND((I12*K12%)+I12,2) -> 0 | M12: =ROUND(H12*L12,2) -> 0
A13: CDHU | B13: 2022/05 | J13: =ROUND(I13*H13,2) -> 0 | K13: 28 | L13: =ROUND((I13*K13%)+I13,2) -> 0 | M13: =ROUND(H13*L13,2) -> 0
A14: CDHU | B14: 2022/05 | J14: =ROUND(I14*H14,2) -> 0 | K14: 29 | L14: =ROUND((I14*K14%)+I14,2) -> 0 | M14: =ROUND(H14*L14,2) -> 0
A15: CDHU | B15: 2022/05 | J15: =ROUND(I15*H15,2) -> 0 | K15: 30 | L15: =ROUND((I15*K15%)+I15,2) -> 0 | M15: =ROUND(H15*L15,2) -> 0
A16: CDHU | B16: 2022/05 | J16: =ROUND(I16*H16,2) -> 0 | K16: 31 | L16: =ROUND((I16*K16%)+I16,2) -> 0 | M16: =ROUND(H16*L16,2) -> 0
A17: CDHU | B17: 2022/05 | J17: =ROUND(I17*H17,2) -> 0 | K17: 32 | L17: =ROUND((I17*K17%)+I17,2) -> 0 | M17: =ROUND(H17*L17,2) -> 0
A18: CDHU | B18: 2022/05 | J18: =ROUND(I18*H18,2) -> 0 | K18: 33 | L18: =ROUND((I18*K18%)+I18,2) -> 0 | M18: =ROUND(H18*L18,2) -> 0
A19: TOTAL | M19: =M9 -> 0
B21: Estância Turística de Piraju, 02 de Agosto de 2022
B24: _______________________________________________
B25: David Jose de Góis
B26: Eng.° Civil
B27: CREA/SP nº 5070858099
B28: ART:
